 Dungeon Crawl Stone Soup version 0.26-a0-652-gafc20e3620 (webtiles) character file.

Game seed: 12514591405108845059

8582 DoubleLucky the Summoner (level 11, -4/69 HPs)
             Began as a Tengu Summoner on Oct 3, 2020.
             Was a Priest of Vehumet.
             Slain by a porcupine (10 damage)
             ... on level 1 of the Lair of Beasts.
             The game lasted 01:57:29 (17921 turns).

DoubleLucky the Summoner (Tengu Summoner)          Turns: 17921, Time: 01:57:30

Health: -4/69      AC:  7    Str: 10    XL:     11   Next: 33%
Magic:  24/24      EV: 18    Int: 17    God:    Vehumet [***...]
Gold:   402        SH:  0    Dex: 15    Spells: 12/26 levels left

rFire    + . .     SeeInvis .   F - +5 halberd (vorpal)
rCold    . . .     Faith    .   (shield currently unavailable)
rNeg     . . .     Spirit   .   c - +0 leather armour
rPois    .         Reflect  .   (helmet restricted)
rElec    .         Harm     .   t - +2 cloak
rCorr    .         Rampage  .   D - +0 pair of gloves
MR       .....                  (boots unavailable)
Stlth    ++........             s - amulet of regeneration
HPRegen  0.61/turn              r - +4 ring of evasion
MPRegen  0.19/turn              I - ring of protection from fire

@: flying quickly and evasively, studying Air Magic, quick
A: beak, talons 3, able to fly
a: Stop Flying, Renounce Religion


You were on level 1 of the Lair of Beasts.
You worshipped Vehumet.
Vehumet was most pleased with you.
You visited 3 branches of the dungeon, and saw 13 of its levels.

You collected 532 gold pieces.
You spent 130 gold pieces at shops.

Inventory:

Hand Weapons
 h - a +2 vorpal quarterstaff
 C - a +0 glaive
 F - a +5 vorpal halberd (weapon)
 G - a +2 vorpal spear
 J - a +0 vampiric trident
 K - a +2 spear of pain
Missiles
 v - 3 throwing nets (quivered)
 E - 4 silver javelins
Armour
 c - a +0 leather armour (worn)
 t - a +2 cloak (worn)
 y - a +1 chain mail of cold resistance
 D - a +0 pair of gloves (worn)
Magical Staves
 w - an uncursed staff of poison {unknown}
Jewellery
 r - a +4 ring of evasion (left hand)
 s - an amulet of regeneration (around neck)
 I - a ring of protection from fire (right hand)
Wands
 a - a wand of iceblast (8)
 g - a wand of acid (13)
 p - a wand of random effects (16)
 L - a wand of flame (15)
 M - a wand of digging (6)
 N - a wand of polymorph (9)
Scrolls
 b - a scroll of vulnerability
 d - a scroll of immolation {unknown}
 e - a scroll of noise
 f - 8 scrolls of remove curse
 i - 4 scrolls of teleportation
 j - 4 scrolls of amnesia
 k - a scroll of fog {unknown}
 o - 3 scrolls of fear
 A - a scroll of blinking {unknown}
 O - a scroll of enchant weapon
Potions
 m - a potion of brilliance
 u - a potion of mutation
 z - a potion of lignification
 B - a potion of curing
 H - 3 potions of stabbing
 P - a potion of haste {unknown}
Books
 l - a manual of Air Magic


   Skills:
 + Level 8.7 Fighting
 + Level 9.3 Polearms
 - Level 2.1 Dodging
 - Level 2.0 Stealth
 + Level 8.3 Spellcasting
 - Level 10.0 Summonings
 + Level 4.1 Ice Magic


You had 12 spell levels left.
You knew the following spells:

 Your Spells              Type           Power        Failure   Level
a - Summon Small Mammal   Summ           ####         1%          1
b - Call Imp              Summ           #####...     1%          2
c - Call Canine Familiar  Summ           #####...     1%          3
d - Summon Guardian Gole  Hex/Summ       ###.....     5%          3
e - Freeze                Ice            ###.         1%          1
f - Summon Ice Beast      Ice/Summ       ####....     8%          4

Your spell library contained the following spells:

 Spells                   Type           Power        Failure   Level
 Static Discharge         Conj/Air       #.......     11%         3
 Magic Dart               Conj           #...         4%          1
 Sandblast                Erth           #.....       4%          1
 Conjure Flame            Conj/Fire      #.......     11%         3
 Mephitic Cloud           Conj/Pois/Air  #.......     11%         3
 Stone Arrow              Conj/Erth      #.....       11%         3
 Animate Skeleton         Necr           #.....       14%         1
 Pain                     Necr           #...         14%         1
 Summon Lightning Spire   Summ/Air       ###.....     19%         4
 Blink                    Tloc           N/A          22%         2
 Passwall                 Tmut/Erth      #.......     22%         2
 Slow                     Hex            #.......     22%         2
 Swiftness                Air            #.......     22%         2
 Confusing Touch          Hex            #.......     38%         3
 Gell's Gravitas          Tloc           #.........   38%         3
 Vampiric Draining        Necr           #.........   38%         3
 Lee's Rapid Deconstruct  Erth           #.........   65%         5
 Yara's Violent Unravell  Hex/Tmut       #.........   65%         5
 Animate Dead             Necr           #.........   80%         4
 Passage of Golubria      Tloc           N/A          80%         4
 Petrify                  Tmut/Erth      #.......     80%         4
 Metabolic Englaciation   Hex/Ice        ##........   85%         5
 Agony                    Necr           #.......     98%         5
 Invisibility             Hex            #.......     100%        6


Dungeon Overview and Level Annotations

Branches:
Dungeon (10/15)            Temple (1/1) D:6            Lair (2/6) D:10
  Swamp: Lair:2-4    Shoals: Lair:2-4     Snake: Lair:2-4    Spider: Lair:2-4
    Orc: D:9-12

Altars:
Ashenzari
Cheibriados
Dithmenos
Elyvilon
Fedhas
Gozag
Hepliaklqana
Kikubaaqudgha
Makhleb
Nemelex Xobeh
Okawaru
Qazlal
Ru
Trog
Uskayaw
Vehumet
Wu Jian
Xom
Yredelemnul
Zin
The Shining One

Shops:
D:5 :   D:6 *

Annotations:
D:1 exclusion: downstairs
D:2 exclusion: downstairs
D:3 exclusion: upstairs
D:7 exclusion: downstairs
D:8 exclusion: upstairs
D:9 exclusion: downstairs


Innate Abilities, Weirdness & Mutations

You have a beak for a mouth.
You have claws for feet.
You can fly continuously.


Message History

The porcupine completely misses you. The porcupine bites you!
* * * LOW HITPOINT WARNING * * *
The wolf closely misses you.
The porcupine bites you but does no damage.
You feel better. The wolf barely misses you.
The porcupine bites you but does no damage.
The porcupine closely misses you. The wolf misses you.
The porcupine bites you but does no damage.
You feel better. The porcupine bites you.
* * * LOW HITPOINT WARNING * * *
The wolf barely misses you. The porcupine bites you!
* * * LOW HITPOINT WARNING * * *
The porcupine completely misses you. x2
You feel better. The wolf bites you.
* * * LOW HITPOINT WARNING * * *
The porcupine barely misses you. The porcupine closely misses you.
The wolf completely misses you. The porcupine bites you!
* * * LOW HITPOINT WARNING * * *
The porcupine bites you!
You die...

..####..# #....P###.#.##.#
..# #...####....##.....##.#
..###.....#.....#......#..#
.........###..............#
..###....# #....##.....#..#
..##.#.### #....##.#...#..#
..####.## ##.....#.#...##.#
..####..###....rr.........#
...............h@.........#
#..#########...r###########
#### ######


You could see a wolf and 3 porcupines.

Vanquished Creatures
  Harold (D:7)
  A death yak (D:9)
  3 cane toads
  A troll (D:9)
  Prince Ribbit (D:5)
  4 hippogriffs
  A vampire (D:9)
  2 yaks (D:10)
  A steam dragon (D:10)
  Edmund (D:6)
  2 porcupines (Lair:1)
  2 sky beasts
  An ice beast (D:7)
  2 wolves (Lair:1)
  A centaur (D:5)
  3 bullfrogs
  3 howler monkeys
  A centaur skeleton (D:10)
  An orc priest (D:9)
  A hound (D:9)
  A jelly (D:10)
  An orc wizard (D:9)
  Natasha (D:3)
  2 worker ants
  A hound skeleton (D:10)
  5 adders
  4 gnolls
  A river rat (D:10)
  A shadow imp (D:6)
  A white imp (D:9)
  An ufetubus (D:6)
  An adder skeleton (D:4)
  6 leopard geckos
  13 orcs
  4 bats
  3 giant cockroaches
  3 goblins
  A hobgoblin (D:2)
  7 jackals
  6 kobolds
  A frilled lizard (D:3)
  8 rats
105 creatures vanquished.

Vanquished Creatures (collateral kills)
  A hydra (Lair:1)
  Erica (D:10)
  A two-headed ogre (D:8)
  2 death yaks
  Grinder (D:3)
  Eustachio (D:5)
  A yak (D:10)
  Duvessa (D:5)
  5 water moccasins
  A porcupine (Lair:2)
  4 sky beasts
  3 orc warriors
  An eye of draining (D:8)
  3 phantoms
  2 ice beasts
  2 ogres (D:5)
  3 wolves
  A centaur (D:5)
  2 crocodiles (Lair:1)
  2 big kobolds (D:9)
  A bullfrog (D:7)
  2 gnoll sergeants
  Dowan (D:5)
  3 howler monkeys (D:9)
  A centaur zombie (D:5)
  3 orc priests
  2 hounds
  A centaur skeleton (D:5)
  A bullfrog skeleton (D:4)
  Ijyb (D:3)
  Natasha (twice) (D:3)
  3 orc wizards
  A hell rat (D:9)
  3 worker ants
  A howler monkey skeleton (D:10)
  Robin (D:2)
  6 gnolls
  7 adders
  A river rat (D:10)
  An adder skeleton (D:7)
  4 worms
  2 dart slugs
  A leopard gecko (D:7)
  17 orcs
  6 bats
  3 giant cockroaches
  4 hobgoblins
  3 jackals
  4 quokkas
  5 frilled lizards
  14 goblins
  6 kobolds
  A leopard gecko zombie (D:6)
  6 rats
156 creatures vanquished.

Vanquished Creatures (others)
  11 fungi
  12 plants
23 creatures vanquished.

Grand Total: 284 creatures vanquished

Notes
Turn   | Place    | Note
-------+----------+-------------------------------------------
     0 | D:1      | DoubleLucky the Tengu Summoner began the quest for the Orb.
     0 | D:1      | Reached XP level 1. HP: 10/10 MP: 4/4
   291 | D:1      | Reached skill level 5 in Summonings
   314 | D:1      | Reached XP level 2. HP: 15/16 MP: 4/6
   528 | D:1      | Reached skill level 1 in Fighting
  1187 | D:1      | Learned a level 2 spell: Call Imp
  1188 | D:2      | Found a sparkling altar of Nemelex Xobeh.
  1228 | D:2      | Noticed Robin
  1555 | D:1      | Reached XP level 3. HP: 20/20 MP: 4/7
  1722 | D:1      | HP: 1/20 [poisoned by an adder]
  2312 | D:2      | Killed Robin
  2336 | D:2      | Learned a level 3 spell: Call Canine Familiar
  2429 | D:2      | Reached XP level 4. HP: 26/26 MP: 5/9
  2486 | D:2      | Found an ornate altar of the Wu Jian Council.
  3118 | D:3      | Noticed Ijyb
  3325 | D:3      | Noticed Grinder
  3885 | D:3      | Killed Grinder
  3885 | D:3      | Reached skill level 1 in Polearms
  3885 | D:3      | Reached skill level 6 in Summonings
  3885 | D:3      | Gained mutation: You can fly continuously. [Tengu growth]
  3885 | D:3      | Reached XP level 5. HP: 31/31 MP: 3/10
  3989 | D:3      | Killed Ijyb
  3989 | D:3      | Reached XP level 6. HP: 22/36 MP: 6/12
  4327 | D:3      | Noticed Natasha
  4370 | D:3      | Killed Natasha
  4473 | D:3      | Noticed Natasha
  4483 | D:3      | Killed Natasha
  4556 | D:3      | Noticed Natasha
  4569 | D:3      | Killed Natasha
  4989 | D:4      | Found a snail-covered altar of Cheibriados.
  5079 | D:4      | Noticed a -1 dagger
  5080 | D:4      | Noticed a +0 hand axe
  5081 | D:4      | Found a hide-covered altar of Uskayaw.
  5529 | D:5      | Entered Level 5 of the Dungeon
  5646 | D:5      | Noticed a sky beast
  5689 | D:5      | Killed a sky beast
  5758 | D:5      | Found Kounianu's Book Emporium.
  5875 | D:5      | Reached XP level 7. HP: 41/41 MP: 9/13
  5906 | D:5      | Found a radiant altar of Vehumet.
  5912 | D:5      | Became a worshipper of Vehumet
  6016 | D:5      | Noticed Eustachio
  6290 | D:5      | Killed Eustachio
  6388 | D:5      | Noticed Dowan
  6503 | D:5      | Noticed Duvessa
  6792 | D:5      | Noticed Prince Ribbit
  6935 | D:5      | Found a blossoming altar of Fedhas.
  6946 | D:5      | Found a stormy altar of Qazlal.
  6981 | D:5      | Reached skill level 7 in Summonings
  7037 | D:5      | Found a shadowy altar of Dithmenos.
  7109 | D:5      | Killed Prince Ribbit
  7109 | D:5      | Reached XP level 8. HP: 48/48 MP: 3/15
  7267 | D:5      | Found a shimmering altar of Xom.
  7401 | D:5      | Killed Duvessa
  7577 | D:5      | Killed Dowan
  8210 | D:6      | Found Deunaj's General Store.
  8345 | D:6      | Bought a scroll of teleportation for 30 gold pieces
  8345 | D:6      | Bought a scroll of teleportation for 30 gold pieces
  8345 | D:6      | Bought a potion of might for 40 gold pieces
  8345 | D:6      | Bought a potion of lignification for 30 gold pieces
  8515 | D:6      | Noticed Edmund
  8542 | D:6      | Killed Edmund
  8542 | D:6      | Reached skill level 5 in Spellcasting
  8632 | D:6      | Found a staircase to the Ecumenical Temple.
  8675 | Temple   | Entered the Ecumenical Temple
  9454 | D:6      | Reached skill level 5 in Fighting
  9555 | D:7      | Reached skill level 5 in Polearms
  9564 | D:7      | Reached skill level 8 in Summonings
  9679 | D:7      | Reached * piety under Vehumet
  9679 | D:7      | Offered knowledge of Sandblast by Vehumet.
 10026 | D:7      | Learned a level 3 spell: Summon Guardian Golem
 10088 | D:7      | Reached XP level 9. HP: 38/54 MP: 15/18
 10226 | D:7      | Noticed Harold
 10247 | D:7      | Killed Harold
 10747 | D:8      | Reached skill level 9 in Summonings
 10795 | D:8      | Found a bloodstained altar of Trog.
 11220 | D:8      | Noticed a two-headed ogre
 11799 | D:8      | Killed a two-headed ogre
 12073 | D:9      | Reached ** piety under Vehumet
 12243 | D:9      | Offered knowledge of Freeze by Vehumet.
 12340 | D:9      | Reached XP level 10. HP: 61/61 MP: 15/20
 12415 | D:9      | Learned a level 1 spell: Freeze
 12416 | D:9      | Found a glowing silver altar of Zin.
 12919 | D:9      | Found an iron altar of Okawaru.
 12970 | D:9      | Reached skill level 1 in Ice Magic
 13081 | D:9      | Reached skill level 10 in Summonings
 13322 | D:10     | Entered Level 10 of the Dungeon
 13323 | D:10     | Noticed a death yak
 13323 | D:10     | Noticed a death yak
 13330 | D:10     | Noticed a death yak
 13622 | D:8      | Killed a death yak
 13688 | D:9      | Offered knowledge of Static Discharge by Vehumet.
 14138 | D:9      | Killed a death yak
 14230 | D:9      | Found a glowing silver altar of Zin.
 14339 | D:9      | Found an iron altar of Okawaru.
 14820 | D:10     | Found a staircase to the Lair.
 14961 | D:9      | Killed a death yak
 15242 | D:10     | Reached *** piety under Vehumet
 15390 | D:10     | Learned a level 4 spell: Summon Ice Beast
 15607 | D:10     | Noticed Erica
 15621 | D:10     | Killed Erica
 15930 | D:10     | Reached XP level 11. HP: 41/68 MP: 23/23
 16581 | Lair:1   | Entered Level 1 of the Lair of Beasts
 16756 | Lair:1   | Noticed a five-headed hydra
 16787 | Lair:1   | Killed a five-headed hydra
 17918 | Lair:1   | HP: 1/69 [porcupine (13)]
 17921 | Lair:1   | Slain by a porcupine

Illustrated notes

Levels and vault maps discovered:
D:1:      scummos_arrival_forest, layout_loops_ring, grunt_decor_one_mirror,
          minmay_hedge_maze, minmay_misc_feat_square
D:2:      layout_rooms, nicolae_overflow_crystal_walls,
          overflow_temple_1_default, uniq_robin
D:3:      layout_rooms, nicolae_overflow_hidden_temple, uniq_ijyb, uniq_grinder,
          uniq_natasha
D:4:      layout_basic, old_standard_altar, dancing_weapons_uskayaw
D:5:      layout_basic, grunt_temple_overflow_forces_of_nature,
          kennysheep_mini_moat, grunt_dithmenos_smoke_and_mirrors,
          overflow_temple_1_default, serial_shops, shop, st_stairs_2,
          uniq_prince_ribbit1, uniq_duvessa, uniq_eustachio
D:6:      layout_basic, temple_fountains, serial_shops, shop, uniq_edmund
D:7:      layout_cave_pods, uniq_harold
D:8:      layout_basic, old_standard_altar
D:9:      layout_loops_ring, okawaru_trees_1, kennysheep_little_box,
          kennysheep_nondescript, minivault_4
D:10:     layout_basic, dpeg_lair_monsters, uniq_erica
Temple:   jpeg_temple_island
Lair:1:   layout_regular_city, grunt_megastairs_2
Lair:2:   layout_gridlike, beast_lair_carwin_3, minmay_lair_oklob_chamber

Skill      XL: |  1  2  3  4  5  6  7  8  9 10 11 |
---------------+----------------------------------+-----
Summonings     | 5 6 7 8 9 10 | 10.0
Fighting       | 1 2 3 4 5 6 8 |  8.7
Polearms       | 1 2 3 4 5 7 8 9 |  9.3
Spellcasting   | 3 4 5 6 7 8 |  8.3
Ice Magic      | 3 4 |  4.1
Dodging        | |  2.1
Stealth        | |  2.0

Action                   |  1- 3 |  4- 6 |  7- 9 | 10-12 || total
-------------------------+-------+-------+-------+-------++-------
Melee: Club              |    10 |       |       |       ||    10
       Kick              |    16 |    20 |    41 |    34 ||   111
       Unarmed           |     4 |       |       |       ||     4
       Peck              |     6 |    14 |    28 |    27 ||    75
       Dagger            |    45 |       |       |       ||    45
       Spear             |     4 |   133 |   222 |       ||   359
       Glaive            |       |       |    22 |       ||    22
       Halberd           |       |       |    73 |   235 ||   308
 Cast: Summon Small Mamm |    64 |    71 |   182 |    80 ||   397
       Call Imp          |     7 |    17 |    53 |    30 ||   107
       Call Canine Famil |     1 |    15 |    63 |    55 ||   134
       Summon Guardian G |       |       |     1 |     8 ||     9
       Summon Ice Beast  |       |       |       |    10 ||    10
 Abil: Fly               |       |     1 |       |       ||     1
  Use: Scroll            |       |     3 |     5 |    17 ||    25
       Potion            |       |       |       |     8 ||     8
 Stab: Distracted        |       |     4 |     3 |     4 ||    11
       Sleeping          |       |     1 |     1 |     1 ||     3
Armor: Leather armour    |    36 |    17 |    68 |    47 ||   168
Dodge: Dodged            |    84 |    77 |   303 |   308 ||   772

Table legend: (Time is in decaauts)
 A = Elapsed time spent in this place.
 B = Non-inter-level travel time spent in this place.
 C = Inter-level travel time spent in this place.
 D = Time resting spent in this place.
 E = Time spent auto-exploring this place.
 F = Levels seen in this place.
 G = Mean time per level.
                   A        B        C        D        E       F      G
               +--------+--------+--------+--------+--------+-----+--------+
         Total |  17152 |  16262 |    890 |   3165 |   7561 |  13 | 1319.4 |
       Dungeon |  15431 |  14583 |    848 |   3004 |   6446 |  10 | 1543.1 |
        Temple |    463 |    443 |     20 |      0 |    424 |   1 |  463.0 |
          Lair |   1257 |   1236 |     21 |    161 |    690 |   2 |  628.5 |
               +--------+--------+--------+--------+--------+-----+--------+

Top non-repeatable levels by time:
     D:9: 2818 daAuts
     D:1: 2240 daAuts
     D:5: 2048 daAuts
     D:2: 1581 daAuts
     D:8: 1399 daAuts
     D:7: 1281 daAuts
    D:10: 1255 daAuts
  Lair:1: 1216 daAuts
     D:4: 1007 daAuts
     D:3: 981 daAuts
     D:6: 817 daAuts
  Temple: 463 daAuts
  Lair:2: 40 daAuts
